Map: 赛博森林-天梯版

Players

PtitDrogo - Winner!

  • Race: Protoss Protoss
  • League: Platinum

Reynor

  • Race: Zerg Zerg

Event: WESG 2018 Grand Finals

VOD

Have the link to the VOD?

Description

Time

  • Played on: March 12, 2019, 3:13 a.m.
  • Length: 10:05

All games in this series

Show
View Real Time Build Order
Export as new Build Order

PtitDrogo Protoss - Winner!

Build Orders: 1 Gate Expand, Zealot Archon, Archon Drop, Dark Templar Rush 

Get SALT Encoding   

  12  0:00  Probe  
  13  0:12  Probe  
  14  0:19  Pylon  
  14  0:25  Probe  
  14  0:28  Assimilator  
  15  0:34  Probe  
  15  0:42  Probe  
  16  0:43  Gateway  
  17  0:51  Probe  
  18  1:03  Probe  
  19  1:16  Probe  
  20  1:24  Nexus  
  20  1:33  Cybernetics Core  
  20  1:35  Probe  
  21  1:40  Assimilator  
  21  1:47  Probe  
  21  1:50  Pylon  
  22  1:59  Probe  
  22  2:00  Adept  
  23  2:09  Twilight Council  
  23  2:11  Probe  
  26  2:18  Warp Gate  
  26  2:24  Probe  
  27  2:30  Stalker  
  27  2:32  Probe  
  27  2:36  Probe  
  31  2:41  Probe  
  31  2:42  Robotics Facility  
  31  2:44  Probe  
  33  2:51  Probe  
  33  2:52  Probe  
  35  3:02  Probe  
  35  3:04  Probe  
  35  3:05  Dark Shrine  
  37  3:15  Gateway  
  37  3:16  Probe  
  38  3:23  Warp Prism  
  38  3:26  Gateway  
  38  3:27  Gateway  
  40  3:36  Probe  
  40  3:38  Probe  
  42  3:41  Assimilator  
  42  3:43  Assimilator  
  42  3:48  Probe  
  43  3:50  Probe  
  43  3:52  Pylon  
  44  3:56  Pylon  
  44  4:00  Probe  
  44  4:02  Probe  
  46  4:12  Probe  
  48  4:20  Dark Templar  
  48  4:21  Dark Templar x2  
  48  4:22  Dark Templar  
  48  4:23  Probe  
  56  4:24  Probe  
  57  4:40  Probe x2  
  57  4:43  Pylon  
  59  4:52  Nexus, Archon  
  59  4:53  Archon  
  59  4:54  Pylon  
  59  4:57  Pylon, Probe x2  
  59  4:59  Charge  
  61  5:03  Observer  
  61  5:09  Probe x2  
  61  5:10  Forge  
  64  5:21  Probe x2, Templar Archives  
  66  5:24  Gateway  
  66  5:26  Protoss Ground Weapons Level 1  
  66  5:28  Dark Templar  
  68  5:36  Probe  
  68  5:41  Probe  
  70  5:46  Nexus  
  70  5:48  Probe  
  71  5:52  Dark Templar  
  71  5:56  Gateway x2  
  73  6:03  Probe x2  
  75  6:05  Gateway  
  75  6:06  Gateway  
  75  6:07  Gateway  
  75  6:10  Pylon, Archon  
  75  6:15  Zealot x2  
  79  6:20  Probe x2  
  81  6:25  Pylon  
  82  6:32  Probe  
  82  6:34  Probe  
  82  6:35  Sentry  
  82  6:36  High Templar x3  
  82  6:38  High Templar  
  93  6:42  Pylon  
  93  6:43  Archon x2  
  94  6:47  Probe  
  94  6:53  Zealot x2  
  98  6:54  Probe  
  98  6:55  Photon Cannon  
  98  6:59  Protoss Ground Weapons Level 2  
  99  7:04  Probe  
  99  7:06  Zealot x4  
  108  7:15  High Templar x2  
  110  7:16  Zealot x4  
  110  7:19  Pylon  
  110  7:21  Pylon  
  110  7:22  Archon  
  120  7:37  Zealot x5  
  128  7:49  Zealot x5  
  108  7:57  Probe  
  98  7:58  Probe  
  98  7:59  Assimilator  
  98  8:00  Assimilator  
  98  8:04  Zealot x5  
  93  8:09  Probe  
  93  8:11  Probe  
  87  8:17  High Templar  
  87  8:18  High Templar  
  81  8:21  High Templar  
  81  8:22  High Templar, Zealot  
  81  8:26  Archon  
  81  8:27  Archon  
  87  8:29  Warp Prism  
  87  8:30  Zealot x3  
  87  8:33  Zealot  
  95  8:38  Nexus  
  95  8:39  Pylon  
  97  8:45  Sentry  
  97  8:46  Zealot  
  101  8:51  Zealot x4  
  101  8:55  Sentry  
  109  8:56  High Templar x2  
  109  8:58  Probe  
  109  9:01  Archon  
  114  9:13  Probe  
  114  9:15  High Templar x2  
  114  9:16  Pylon, Zealot x5  
  129  9:19  Archon  
  129  9:21  Observer  
  130  9:31  Zealot x3  
  136  9:45  Zealot x5  
  144  9:49  Zealot x2  
  130  10:02  Zealot x3  
Show
View Real Time Build Order
Export as new Build Order

Reynor Zerg 

Build Orders: Hatch First 

Get SALT Encoding   

  12  0:00  Drone  
  13  0:12  Overlord  
  13  0:16  Drone  
  14  0:31  Drone  
  15  0:44  Hatchery  
  15  0:48  Drone  
  15  0:52  Drone  
  15  0:55  Drone  
  17  1:01  Drone  
  18  1:10  Extractor  
  17  1:15  Spawning Pool  
  16  1:18  Drone  
  16  1:22  Drone  
  18  1:31  Drone  
  19  1:42  Drone  
  20  1:53  Overlord  
  20  1:57  Drone  
  21  2:03  Queen  
  21  2:04  Queen, Zergling x2  
  21  2:07  Drone  
  27  2:15  Drone  
  28  2:18  Drone  
  29  2:25  Drone  
  30  2:31  Hatchery  
  30  2:34  Zergling x2  
  30  2:36  Zergling x2  
  31  2:39  Metabolic Boost  
  31  2:42  Drone  
  32  2:47  Overlord  
  32  2:50  Drone  
  33  2:57  Drone  
  34  3:00  Drone  
  34  3:04  Queen  
  37  3:08  Drone  
  38  3:13  Zergling x4  
  38  3:16  Drone x4  
  38  3:19  Overlord  
  44  3:30  Overlord  
  44  3:35  Spore Crawler  
  44  3:37  Drone x2  
  44  3:39  Drone  
  44  3:41  Queen  
  46  3:45  Drone  
  46  3:46  Drone  
  46  3:47  Drone x2  
  52  3:50  Drone  
  53  3:55  Overlord  
  53  4:00  Lair  
  53  4:04  Queen  
  53  4:05  Drone x2  
  53  4:06  Drone  
  53  4:08  Drone  
  59  4:11  Drone x2  
  61  4:19  Zergling x6  
  61  4:22  Spore Crawler  
  61  4:23  Zergling x4  
  65  4:25  Spore Crawler  
  65  4:29  Zergling x6  
  66  4:34  Zergling x4  
  66  4:36  Spore Crawler  
  67  4:55  Hatchery  
  67  4:58  Extractor  
  67  4:59  Hydralisk Den, Extractor  
  64  5:00  Extractor  
  64  5:02  Overlord x2  
  64  5:03  Drone x4  
  67  5:07  Overlord  
  67  5:13  Overlord  
  67  5:28  Hydralisk x2  
  67  5:29  Hydralisk  
  67  5:30  Queen, Zergling x6  
  67  5:33  Drone x2  
  78  5:36  Hydralisk  
  78  5:37  Drone x2  
  78  5:40  Drone  
  78  5:42  Hydralisk  
  85  5:46  Hydralisk  
  85  5:48  Overlord  
  86  5:50  Drone  
  86  5:53  Drone  
  88  5:59  Evolution Chamber, Hydralisk  
  85  6:04  Hydralisk  
  85  6:05  Hydralisk  
  85  6:07  Drone  
  85  6:09  Drone  
  91  6:14  Grooved Spines  
  91  6:19  Overlord  
  91  6:20  Drone x3  
  91  6:22  Drone x2  
  96  6:26  Zerg Missile Weapons Level 1  
  95  6:32  Overlord  
  95  6:37  Baneling Nest  
  95  6:38  Hydralisk  
  96  6:42  Zergling x2  
  96  6:43  Overlord  
  97  6:49  Overlord  
  97  6:50  Hydralisk x2  
  97  6:51  Zergling x6  
  97  6:53  Hydralisk  
  105  7:01  Hydralisk  
  105  7:02  Zergling x6, Hydralisk  
  105  7:07  Hydralisk x2  
  116  7:09  Zergling x2  
  116  7:13  Hydralisk x2  
  120  7:17  Zergling x2  
  120  7:19  Overlord  
  120  7:21  Overseer  
  121  7:25  Extractor  
  121  7:27  Overlord  
  121  7:28  Baneling x6  
  121  7:29  Baneling x2  
  120  7:31  Zergling x2  
  120  7:37  Zergling x8, Hydralisk  
  122  7:45  Overlord  
  122  7:49  Hydralisk x2  
  122  7:50  Zergling x8  
  96  7:59  Hydralisk x2  
  96  8:00  Zergling x2  
  96  8:02  Zergling x2  
  96  8:03  Zergling x2  
  85  8:06  Zergling x4  
  75  8:13  Hydralisk  
  73  8:22  Hatchery  
  73  8:24  Hydralisk  
  73  8:25  Zergling x2  
  75  8:31  Hydralisk x2  
  75  8:33  Zergling x2  
  80  8:38  Hydralisk  
  80  8:39  Zergling x2  
  81  8:46  Hydralisk  
  81  8:47  Zergling x4  
  85  8:55  Zergling x4, Hydralisk  
  86  9:00  Zergling x4  
  88  9:08  Hydralisk  
  88  9:09  Zergling x2  
  91  9:14  Hydralisk  
  93  9:20  Zergling x6  
  96  9:33  Baneling x5  
  96  9:34  Baneling x5  
  96  9:36  Hydralisk  
  96  9:37  Zergling x2  
  99  9:45  Zergling x6  
Tags
 
Add a new tag
Caveats
  • Supply blocks, unpowered buildings, or Contaminate may cause inaccurate times.
  • Supply counts are checked every 10 seconds.